Map: Prion Terraces

Players

MorN

  • Race: Terran Terran
  • League: Master

Apocalypse - Winner!

  • Race: Protoss Protoss
  • League: Master

VOD

Have the link to the VOD?

Description

Time

  • Played on: Dec. 2, 2015, 11:56 p.m.
  • Length: 10:00
Show
View Real Time Build Order
Export as new Build Order

MorN Terran 

Build Orders: MMM Bio 

Get SALT Encoding   

  12  0:00  SCV  
  13  0:13  SCV  
  14  0:17  Supply Depot  
  14  0:25  SCV  
  15  0:39  SCV  
  15  0:40  Barracks  
  16  0:45  Refinery  
  16  0:51  SCV  
  17  1:03  SCV  
  18  1:15  SCV  
  19  1:29  Marine  
  19  1:30  Orbital Command  
  20  1:41  Command Center  
  20  1:51  Factory  
  20  1:54  Marine  
  21  2:04  Supply Depot  
  21  2:06  SCV  
  22  2:12  Marine  
  23  2:26  SCV  
  24  2:30  Marine  
  24  2:35  Factory Tech Lab, Barracks  
  25  2:38  SCV  
  26  2:49  Marine  
  27  3:04  Command Center  
  27  3:05  Factory Reactor, Orbital Command  
  27  3:15  Barracks  
  27  3:21  Marine  
  28  3:30  Refinery, Stimpack  
  28  3:33  SCV  
  29  3:39  SCV  
  30  3:42  Engineering Bay  
  30  3:45  SCV  
  31  3:51  SCV  
  31  3:54  Barracks Tech Lab, Factory Reactor  
  32  3:59  Starport  
  32  4:04  SCV x2  
  32  4:09  Marine x2  
  36  4:10  Marauder  
  36  4:16  SCV x2  
  40  4:23  Terran Infantry Weapons Level 1  
  40  4:28  SCV  
  40  4:29  Orbital Command  
  41  4:35  Refinery  
  41  4:36  Refinery  
  41  4:42  Marine x4  
  45  4:46  Factory Reactor  
  45  4:47  SCV  
  45  4:48  SCV  
  47  4:55  SCV  
  47  4:59  SCV  
  49  5:00  SCV  
  49  5:02  Medivac  
  49  5:04  Medivac  
  54  5:07  Marine x2  
  54  5:08  SCV  
  54  5:11  Marauder x2  
  61  5:15  Supply Depot  
  61  5:19  Combat Shields  
  61  5:26  SCV  
  61  5:28  SCV  
  61  5:29  SCV  
  57  5:43  Marauder x2  
  61  5:53  Supply Depot  
  61  6:03  Widow Mine  
  61  6:04  SCV x2, Medivac, Marine x2  
  69  6:14  Widow Mine  
  69  6:15  SCV, Marauder x2  
  69  6:16  Supply Depot, SCV  
  69  6:18  Terran Infantry Armor Level 1  
  77  6:23  Marine  
  77  6:25  SCV  
  77  6:27  SCV  
  59  6:50  Orbital Command, Marine x2  
  59  6:51  Marauder x2  
  65  6:58  SCV  
  66  7:03  Widow Mine x2  
  66  7:04  Medivac x2  
  66  7:05  SCV  
  75  7:10  SCV  
  75  7:12  Engineering Bay  
  75  7:14  Armory  
  76  7:17  SCV  
  76  7:19  Barracks x2  
  76  7:22  SCV, Marine x2  
  82  7:23  SCV, Marauder x2  
  85  7:38  Supply Depot  
  85  7:39  Supply Depot  
  85  7:45  Marine  
  85  7:49  Marauder  
  85  7:50  Widow Mine  
  85  7:51  Marauder  
  78  8:04  Marine x2  
  77  8:10  Marine  
  75  8:13  Marauder  
  75  8:14  Barracks Reactor, Barracks Tech Lab  
  75  8:15  Medivac x2  
  81  8:21  Widow Mine x2  
  81  8:22  Marine x2  
  81  8:23  SCV x3  
  90  8:28  Marauder  
  92  8:34  Marauder  
  92  8:35  SCV x3  
  92  8:39  Concussive Shells  
  92  8:40  Marine  
  92  8:41  Marine x2  
  94  8:50  Marauder  
  94  8:51  Marine x2  
  96  8:56  Marauder  
  96  8:57  SCV x2  
  96  9:02  Marine  
  101  9:07  Command Center, Supply Depot  
  101  9:13  Marine  
  101  9:14  SCV  
  101  9:15  Supply Depot, Marauder  
  101  9:17  Marauder  
  100  9:18  Marauder  
  100  9:22  Marine  
  101  9:25  Marine x2  
  104  9:31  Marine  
  104  9:36  Marauder  
  104  9:38  Marauder  
  106  9:40  Marine  
Show
View Real Time Build Order
Export as new Build Order

Apocalypse Protoss - Winner!

Build Orders: 1 Gate Expand 

Get SALT Encoding   

  12  0:02  Probe (Chrono Boost)  
  13  0:12  Probe (Chrono Boost)  
  14  0:24  Pylon  
  14  0:25  Probe (Chrono Boost)  
  15  0:42  Gateway, Probe (Chrono Boost)  
  16  0:50  Assimilator  
  16  0:53  Probe (Chrono Boost)  
  17  1:03  Probe (Chrono Boost)  
  18  1:14  Probe (Chrono Boost)  
  19  1:22  Nexus  
  19  1:24  Probe (Chrono Boost)  
  20  1:34  Cybernetics Core  
  20  1:37  Probe (Chrono Boost)  
  21  1:45  Pylon  
  21  1:48  Probe (Chrono Boost)  
  21  1:53  Assimilator  
  22  1:59  Probe (Chrono Boost)  
  23  2:09  Probe (Chrono Boost)  
  24  2:16  Forge  
  24  2:19  Adept  
  24  2:22  Mothership Core (Chrono Boost)  
  28  2:23  Warp Gate  
  29  2:37  Probe (Chrono Boost)  
  29  2:40  Probe (Chrono Boost)  
  30  2:46  Probe (Chrono Boost), Adept  
  30  2:50  Probe (Chrono Boost), Protoss Ground Armor Level 1 (Chrono Boost)  
  34  2:56  Probe  
  35  3:02  Probe  
  36  3:13  Adept, Robotics Facility  
  36  3:15  Probe  
  36  3:16  Probe  
  40  3:27  Probe x2  
  42  3:37  Probe  
  42  3:39  Probe  
  42  3:40  Assimilator  
  44  3:42  Pylon  
  44  3:45  Adept  
  46  3:53  Twilight Council  
  46  3:58  Probe  
  46  4:00  Probe, Pylon  
  48  4:04  Warp Prism  
  48  4:09  Probe  
  50  4:12  Probe  
  52  4:19  Probe  
  52  4:22  Assimilator  
  52  4:24  Gateway, Probe  
  53  4:28  Gateway  
  53  4:30  Probe, Protoss Ground Armor Level 2 (Chrono Boost)  
  54  4:37  Sentry  
  57  4:39  Observer  
  57  4:45  Probe  
  58  4:46  Probe  
  60  4:53  Resonating Glaives (Chrono Boost)  
  60  4:59  Gateway x2, Probe x2  
  62  5:07  Pylon  
  62  5:10  Pylon  
  62  5:20  Immortal  
  62  5:25  Probe x2  
  68  5:37  Probe  
  68  5:41  Probe  
  66  5:44  Sentry  
  66  5:49  Probe  
  69  5:54  Probe  
  69  5:55  Sentry x3  
  76  5:57  Stalker  
  76  6:00  Nexus  
  76  6:02  Pylon  
  78  6:15  Immortal  
  78  6:20  Probe x2  
  84  6:25  Blink  
  84  6:32  Probe x2  
  86  6:36  Adept x2  
  80  6:44  Probe x2  
  76  6:47  Adept x3  
  76  6:50  Immortal  
  82  6:55  Pylon  
  82  6:57  Pylon  
  82  6:59  Protoss Ground Armor Level 3 (Chrono Boost)  
  82  7:00  Pylon  
  86  7:05  Pylon  
  86  7:08  Pylon  
  86  7:11  Probe x2  
  86  7:12  Sentry x4  
  86  7:15  Probe, Adept  
  98  7:18  Assimilator  
  98  7:22  Assimilator  
  99  7:23  Probe x2, Photon Cannon  
  99  7:28  Photon Cannon  
  101  7:31  Probe, Pylon  
  101  7:35  Probe x2  
  104  7:37  Gateway  
  104  7:38  Gateway  
  104  7:44  Gateway, Pylon  
  94  7:54  Stalker x3  
  94  8:12  Probe  
  91  8:13  Stalker x2  
  91  8:17  Immortal  
  95  8:20  Gateway  
  95  8:22  Gateway  
  95  8:24  Gateway  
  95  8:26  Gateway  
  99  8:28  Adept x3  
  99  8:31  Gateway  
  99  8:33  Gateway  
  99  8:34  Pylon  
  105  8:37  Pylon  
  105  8:39  Pylon  
  105  8:40  Adept x4  
  111  8:42  Stalker  
  113  8:53  Stalker x3  
  119  8:57  Probe x3  
  119  9:02  Immortal  
  126  9:12  Adept x2  
  126  9:13  Adept  
  130  9:37  Stalker x2  
  130  9:38  Stalker x8  
  138  9:41  Probe x2  
Tags
 
Composition
MMM Bio
Matchup
PvT
Replay Pack
MorN pack 2
Add a new tag
Caveats
  • Supply blocks, unpowered buildings, or Contaminate may cause inaccurate times.
  • Supply counts are checked every 10 seconds.